 Dungeon Crawl Stone Soup version 0.20.1-1-g8b1a95d (webtiles) character file.

11032 equalderp2856 the Cleaver (level 11, 0/95 HPs)
             Began as a Minotaur Fighter on Aug 4, 2017.
             Slain by a seven-headed hydra (2 damage)
             ... on level 11 of the Dungeon.
             The game lasted 00:34:54 (13848 turns).

equalderp2856 the Cleaver (Minotaur Fighter)       Turns: 13848, Time: 00:34:56

Health: 0/95       AC: 16    Str: 26    XL:     11   Next: 44%
Magic:  16/16      EV:  8    Int:  6    God:
Gold:   618        SH: 12    Dex: 12    Spells: 19/19 levels left

rFire    . . .     SeeInvis +   G - +0 trident
rCold    . . .     Gourm    .   c - +0 shield
rNeg     . . .     Faith    .   w - +0 plate armour
rPois    .         Spirit   .   (helmet restricted)
rElec    .         Reflect  .   (no cloak)
rCorr    .         Harm     .   E - +0 pair of gloves
MR       .....                  (no boots)
Stlth    ..........             (no amulet)
Regen    0.3/turn               x - ring of see invisible
MPRegen  0.2/turn               (no ring)

@: mighty
A: retaliatory headbutt, horns 2
a: no special abilities


You were on level 11 of the Dungeon.
You were very hungry.

You visited 1 branch of the dungeon, and saw 11 of its levels.
You also visited: Sewer.

You collected 618 gold pieces.

Inventory:

Hand Weapons
 a - a +0 war axe
 y - a +0 hunting sling
 z - a +0 short sword
 A - a +4 dagger
 C - a +0 great sword
 G - a +0 trident (weapon)
 I - a +0 shortbow
 P - the +4 quarterstaff of Astrua {venom, rPois MR+, unknown}
   (You found it on level 5 of the Dungeon)

   It poisons the flesh of those it strikes.
   It protects you from poison.
   It affects your resistance to hostile enchantments.
 S - the +2 Maxwell's thermic engine {flame, freeze, rF- rC-}
   (You found it on level 6 of the Dungeon)

   It has been specially enchanted to burn those struck by it, causing extra
   injury to most foes and up to half again as much damage against particularly
   susceptible opponents.
   Big, fiery blades are also staple armaments of hydra-hunters.
   It makes you vulnerable to fire.
   It makes you vulnerable to cold.
Missiles
 k - 164 sling bullets
 l - 239 stones (quivered)
 F - 4 needles of sleeping
 H - 125 arrows
 Q - 7 curare-tipped needles
 R - 4 javelins
Armour
 b - a +0 scale mail
 c - a +0 shield (worn)
 j - a +0 robe
 w - a +0 plate armour (worn)
 B - a +0 chain mail
 D - a +0 robe
 E - a +0 pair of gloves (worn)
 J - a +0 robe
 U - a +0 pair of gloves
Jewellery
 g - an uncursed amulet of the gourmand
 x - a ring of see invisible (left hand)
 N - an uncursed ring of wizardry {unknown}
 V - an uncursed ring of wizardry {unknown}
Wands
 p - a wand of iceblast (0/15)
 W - a wand of polymorph (12/24)
 X - a wand of lightning (0/15)
Scrolls
 e - 16 scrolls of identify
 m - 4 scrolls of remove curse {unknown}
 n - 3 scrolls of recharging {unknown}
 q - 3 scrolls of teleportation
 r - 4 scrolls of amnesia {unknown}
 v - 2 scrolls of fog {unknown}
 Z - 4 scrolls of fear {unknown}
Potions
 h - a potion of resistance {unknown}
 o - a potion of lignification {unknown}
 s - a potion of invisibility {unknown}
 t - 3 potions of magic
 u - a potion of brilliance {unknown}
 L - a potion of haste {unknown}
 M - 2 potions of agility
 T - a potion of ambrosia {unknown}
Books
 Y - a book of Necromancy

   Spells                             Type                      Level
   a - Pain                           Necromancy                   1
   b - Animate Skeleton               Necromancy                   1
   c - Vampiric Draining              Necromancy                   3
   d - Regeneration                   Charms/Necromancy            3
   e - Animate Dead                   Necromancy                   4
   f - Control Undead                 Necromancy                   4
Comestibles
 f - 8 bread rations
 i - 2 royal jellies
 K - 25 fruits
 O - 2 meat rations


   Skills:
 + Level 8.3 Fighting
 + Level 12.4 Axes
 + Level 10.1 Armour
 + Level 3.6 Dodging
 + Level 1.0 Stealth
 + Level 10.1 Shields
 * Level 4.6 Spellcasting
 + Level 0.5 Evocations


You had 19 spell levels left.
You didn't know any spells.

Dungeon Overview and Level Annotations

Branches:
Dungeon (11/15)            Temple (0/1) D:5            Lair (0/6) D:11
    Orc (0/2) D:10

Altars:
Ashenzari
Fedhas
Gozag
Hepliaklqana
Nemelex Xobeh
Ru
Trog
Xom
Zin

Shops:
D:7 ?

Annotations:
D:11 exclusion: oklob plant


Innate Abilities, Weirdness & Mutations

You reflexively headbutt those who attack you in melee.
You have a pair of horns on your head.


Message History

The seven-headed hydra closely misses you.
You block the seven-headed hydra's attack.
The seven-headed hydra bites you but does no damage.
The seven-headed hydra barely misses you.
The seven-headed hydra bites you but does no damage.
You block the seven-headed hydra's attack.
You hit the seven-headed hydra.
The seven-headed hydra is moderately wounded.
The seven-headed hydra bites you but does no damage.
The seven-headed hydra bites you!
* * * LOW HITPOINT WARNING * * *
The seven-headed hydra bites you!
* * * LOW HITPOINT WARNING * * *
The seven-headed hydra bites you.
* * * LOW HITPOINT WARNING * * *
You block the seven-headed hydra's attack.
The seven-headed hydra bites you!
* * * LOW HITPOINT WARNING * * *
The seven-headed hydra bites you.
You die...

.#...≈... . #..#...# .#
#.##PP.##.# #...PPPP..#
#≈.PP>P..≈# #...PPP.. ########
#.##..P##
#......#######?.#...#..#
#########.#....@D.....#...≈...#
#......##.#.##.####......###....
##.###.......##.# #.#...........
#.......##.####.# #.##....#####.
#..#....##......# #.......# #.
#..#.#..#######.####.#####.# #.
#...#...######..........##.# #.
#........#.......##........# #.
#..#.#...#.......##........#####.


You could see a seven-headed hydra.

Vanquished Creatures
  3 two-headed ogres
  Pikel (D:8)
  2 cyclopes
  2 ugly things
  A centaur zombie (D:11)
  Psyche (D:8)
  A troll (D:10)
  A hippogriff (D:10)
  A hungry ghost (D:10)
  An acid dragon (D:11)
  Duvessa (D:7)
  2 orc warriors
  5 ice beasts
  An eye of draining (D:11)
  3 sky beasts
  3 black bears
  10 ogres
  A necrophage (D:7)
  A wolf (D:9)
  4 centaurs
  A big kobold (D:10)
  6 bullfrogs
  Dowan (D:7)
  A wyvern skeleton (D:9)
  5 scorpions
  A water moccasin skeleton (D:6)
  A killer bee (D:7)
  7 wights (D:7)
  An electric eel (D:8)
  3 howler monkeys
  9 crimson imps
  4 jellies
  7 hounds
  2 orc priests
  11 orc wizards
  A bullfrog skeleton (D:11)
  2 centaur skeletons
  5 iguanas
  Ijyb (D:3)
  5 worker ants
  A hound zombie (D:6)
  6 hound skeletons
  A howler monkey zombie (D:11)
  16 adders
  3 gnolls (D:6)
  5 shadow imps
  2 white imps (D:9)
  A howler monkey simulacrum (D:9)
  A worker ant simulacrum (D:9)
  2 ufetubi (D:9)
  2 oozes (D:7)
  An adder zombie (D:5)
  5 dart slugs
  An adder simulacrum (D:9)
  2 leopard geckos
  34 orcs
  2 ball pythons (Sewer)
  7 bats
  7 giant cockroaches
  10 goblins
  9 hobgoblins
  11 jackals
  9 quokkas
  6 frilled lizards
  13 kobolds
  2 leopard gecko zombies
  7 rats
  10 plants (Sewer)
295 creatures vanquished.

Vanquished Creatures (others)
  2 plants (D:11)
2 creatures vanquished.

Grand Total: 297 creatures vanquished

Notes
Turn   | Place    | Note
-------+----------+-------------------------------------------
     0 | D:1      | equalderp2856 the Minotaur Fighter began the quest for the Orb.
     0 | D:1      | Reached XP level 1. HP: 19/19 MP: 0/0
     4 | D:1      | Noticed a halfling
     6 | D:1      | Noticed a felid
     6 | D:1      | Noticed a human
    12 | D:1      | Noticed a gargoyle
    12 | D:1      | Noticed a minotaur
    15 | D:1      | Noticed a draconian
    15 | D:1      | Noticed a dwarf
    17 | D:1      | Noticed a demigod
    17 | D:1      | Noticed a vampire
    19 | D:1      | Noticed a troll
    25 | D:1      | Noticed an octopode
    25 | D:1      | Noticed a ghoul
    27 | D:1      | Noticed a spriggan
    27 | D:1      | Noticed a centaur
    29 | D:1      | Noticed a merfolk
    29 | D:1      | Noticed a demonspawn
    31 | D:1      | Noticed an ogre
    31 | D:1      | Noticed a vine stalker
    33 | D:1      | Noticed a formicid
    35 | D:1      | Noticed a naga
    37 | D:1      | Noticed a tengu
    37 | D:1      | Noticed an elf
   316 | D:1      | Reached XP level 2. HP: 27/27 MP: 1/1
  1118 | D:2      | Reached XP level 3. HP: 33/33 MP: 2/2
  1418 | D:3      | Reached skill level 3 in Axes
  1729 | D:3      | Reached XP level 4. HP: 22/40 MP: 3/3
  1733 | D:3      | Reached skill level 1 in Dodging
  1969 | D:3      | Noticed Ijyb
  1994 | D:3      | Killed Ijyb
  1994 | D:3      | Reached XP level 5. HP: 27/47 MP: 4/4
  2194 | D:4      | Noticed a phantom
  2221 | D:3      | Reached skill level 4 in Axes
  2221 | D:3      | Reached skill level 5 in Shields
  2386 | D:4      | Reached XP level 6. HP: 43/53 MP: 5/5
  2394 | D:4      | Found a sparkling altar of Nemelex Xobeh.
  2394 | D:4      | Found a shattered altar of Ashenzari.
  2394 | D:4      | Found a glowing silver altar of Zin.
  2429 | D:4      | Reached skill level 5 in Armour
  2465 | D:4      | Found a glowing drain.
  2469 | Sewer    | Entered a sewer
  3945 | D:4      | Reached skill level 5 in Axes
  3945 | D:4      | Reached XP level 7. HP: 47/60 MP: 6/6
  4784 | D:5      | Entered Level 5 of the Dungeon
  4787 | D:5      | Reached skill level 5 in Fighting
  4787 | D:5      | Reached skill level 6 in Axes
  4799 | D:5      | Found a sacrificial altar of Ru.
  5170 | D:5      | Found a staircase to the Ecumenical Temple.
  5178 | D:5      | Reached XP level 8. HP: 68/68 MP: 7/7
  5657 | D:5      | Got a fine quarterstaff
  5776 | D:6      | Reached skill level 7 in Axes
  6026 | D:6      | Reached skill level 1 in Spellcasting
  6262 | D:6      | Reached skill level 8 in Axes
  6301 | D:6      | You fall through a shaft for 2 floors!
  6825 | D:8      | Noticed a two-headed ogre
  6826 | D:8      | Found an opulent altar of Gozag.
  6999 | D:7      | Found Idicvif's Magic Scroll Shoppe.
  7360 | D:7      | Noticed Duvessa
  7360 | D:7      | Noticed Dowan
  7361 | D:7      | Found a bloodstained altar of Trog.
  7376 | D:7      | Killed Duvessa
  7387 | D:7      | Killed Dowan
  7387 | D:7      | Reached XP level 9. HP: 70/75 MP: 10/10
  7665 | D:7      | Reached skill level 9 in Axes
  8725 | D:7      | Found a blossoming altar of Fedhas.
  9517 | D:8      | Killed a two-headed ogre
  9517 | D:8      | Reached skill level 10 in Axes
  9517 | D:8      | Reached skill level 1 in Stealth
  9517 | D:8      | Reached XP level 10. HP: 39/83 MP: 13/13
  9781 | D:8      | Noticed a cyclops
 10077 | D:8      | Killed a cyclops
 10361 | D:8      | Noticed Psyche
 10370 | D:8      | Killed Psyche
 10487 | D:8      | Found a bloodstained altar of Trog.
 11070 | D:9      | Found a hazy altar of Hepliaklqana.
 11351 | D:9      | Noticed Pikel
 11421 | D:8      | Killed Pikel
 11421 | D:8      | Reached skill level 11 in Axes
 11461 | D:9      | Found a shimmering altar of Xom.
 11464 | D:9      | Found a shimmering altar of Xom.
 11465 | D:9      | Found a shimmering altar of Xom.
 11466 | D:9      | Found a shimmering altar of Xom.
 11466 | D:9      | Found a shimmering altar of Xom.
 11468 | D:9      | Found a shimmering altar of Xom.
 11468 | D:9      | Found a shimmering altar of Xom.
 12138 | D:10     | Entered Level 10 of the Dungeon
 12170 | D:10     | Found a staircase to the Orcish Mines.
 12928 | D:10     | Reached XP level 11. HP: 90/93 MP: 16/16
 13029 | D:10     | Noticed a cyan ugly thing
 13044 | D:10     | Killed a cyan ugly thing
 13449 | D:11     | Noticed a brown ugly thing
 13460 | D:11     | Killed a brown ugly thing
 13460 | D:11     | Reached skill level 10 in Armour
 13464 | D:11     | Reached skill level 12 in Axes
 13610 | D:11     | Noticed a two-headed ogre
 13621 | D:11     | Killed a two-headed ogre
 13629 | D:11     | Noticed a two-headed ogre
 13639 | D:11     | Killed a two-headed ogre
 13639 | D:11     | Reached skill level 10 in Shields
 13721 | D:11     | Found a staircase to the Lair.
 13722 | D:11     | Noticed an oklob plant
 13836 | D:11     | Noticed a seven-headed hydra
 13848 | D:11     | HP: 2/95 [seven-headed hydra (7)]
 13848 | D:11     | Slain by a seven-headed hydra

Skill      XL: |  1  2  3  4  5  6  7  8  9 10 11 |
---------------+----------------------------------+-----
Armour         | 4 5 6 8 9 10 | 10.1
Fighting       | 4 5 6 7 8 |  8.3
Shields        | 4 5 6 7 8 9 10 | 10.1
Axes           | 3 4 5 6 8 10 11 12 | 12.4
Dodging        | 1 2 3 |  3.6
Spellcasting   | 1 3 4 |  4.6
Stealth        | 1 |  1.0
Evocations     | |  0.5

Action                   |  1- 3 |  4- 6 |  7- 9 | 10-12 || total
-------------------------+-------+-------+-------+-------++-------
Melee: War axe           |   100 |   286 |   412 |   325 ||  1123
       Headbutt          |     8 |    67 |    89 |    80 ||   244
       Trident           |       |       |       |     3 ||     3
Throw: Stone             |       |       |       |     1 ||     1
Evoke: Wand              |       |       |     1 |     7 ||     8
  Use: Scroll            |       |     2 |       |       ||     2
       Potion            |       |       |     1 |     5 ||     6
  Eat: Chunk             |     1 |    10 |    16 |    10 ||    37
       Fruit             |       |       |     1 |     5 ||     6
       Royal jelly       |       |       |       |     3 ||     3
Armor: Scale mail        |    47 |    65 |     2 |       ||   114
       Chain mail        |       |       |   120 |       ||   120
       Plate armour      |       |       |    47 |   138 ||   185
Dodge: Dodged            |    32 |    61 |   125 |    91 ||   309
Block: Shield            |    68 |   100 |   276 |   201 ||   645
